 Dungeon Crawl Stone Soup version 0.30-b1-2-g02819fbbbe (webtiles) character file.

Game seed: 3680620421511662234

782 redmage the Skirmisher (level 8, 0/61 HPs)
             Began as a Meteoran Hunter on Aug 8, 2023.
             Was a Follower of Jiyva.
             Slain by a killer bee (4 damage)
             ... on level 7 of the Dungeon.
             The game lasted 00:24:29 (1451 turns).

redmage the Skirmisher (Meteoran Hunter)            Turns: 1451, Time: 00:24:30

Health: 0/61       AC: 10    Str: 10    XL:     8   Next: 33%
Magic:  13/13      EV: 11    Int: 12    God:    Jiyva [*.....]
Gold:   789        SH:  0    Dex: 19    Spells: 10/12 levels left

rFire   . . .        a - +0 shortbow
rCold   + + .        (shield currently unavailable)
rNeg    + . .        n - +5 ring mail of the Plum {Harm rC++ rN+ Stlth-}
rPois   .            (helmet restricted)
rElec   .            (no cloak)
rCorr   .            (no gloves)
SInv    .            (no boots)
Will    +....        (no amulet) Stlth
                     d - ring of flight
HPRegen 1.10/turn    (no ring)
MPRegen 0.38/turn

%: harm (+30% outgoing, +20% incoming)
@: lethally poisoned (0 -> 0), flying, glowing
A: sense surroundings 1, otherworldly, glowing, explore regen, horns 1, frail 1,
high MP 1, weak 1
a: Renounce Religion


You were on level 7 of the Dungeon.
You worshipped Jiyva.
Jiyva was aware of your devotion.
You visited 1 branch of the dungeon, and saw 7 of its levels.
You also visited: Sewer.

You collected 977 gold pieces.
You spent 188 gold pieces at shops.

Inventory:

Hand Weapons
 a - a +0 shortbow (weapon)
Missiles
 m - 3 boomerangs
Armour
 n - the +5 ring mail of the Plum (worn) {Harm rC++ rN+ Stlth-}
   (You found it on level 3 of the Dungeon)

   rC:        It greatly protects you from cold.
   rN:        It protects you from negative energy.
   Harm:      It increases damage dealt and taken.
   Stlth:     It makes you less stealthy.
 p - a +0 helmet
Jewellery
 d - a ring of flight (left hand)
Scrolls
 b - a scroll of immolation
 c - 2 scrolls of enchant weapon {unknown}
 g - 2 scrolls of identify {unknown}
 i - a scroll of amnesia
 k - a scroll of noise {unknown}
 l - 2 scrolls of enchant armour
Potions
 e - 3 potions of mutation
 h - 2 potions of haste
 j - 2 potions of ambrosia


   Skills:
 - Level 5.0 Fighting
 - Level 8.0 Ranged Weapons
 - Level 2.4 Dodging
 - Level 0.6 Stealth
 - Level 2.5 Spellcasting
 + Level 2.6 Transmutations
 + Level 2.6 Earth Magic


You had 10 spell levels left.
You knew the following spells:

 Your Spells              Type           Power      Damage    Failure   Level
a - Passwall              Tmut/Erth      5%         N/A       34%         2

Your spell library contained the following spells:

 Spells                   Type           Power      Damage    Failure   Level
 Ensorcelled Hibernation  Hex/Ice        2%         N/A       71%         2
 Swiftness                Air            1%         N/A       90%         3
 Vhi's Electric Charge    Tloc/Air       2%         N/A       90%         3
 Animate Armour           Summ/Erth      8%         N/A       98%         4
 Arcjolt                  Conj/Air       0%         1d10      100%        5
 Blade Hands              Tmut           3%         N/A       100%        5
 Iron Shot                Conj/Erth      2%         9d2       100%        6
 Plasma Beam              Fire/Air       0%         2x1d11    100%        6


Dungeon Overview and Level Annotations

Branches:
Dungeon (7/15) Zot: 2937   Temple (0/1) D:5           Sewer (visited)

Altars:
Elyvilon
Hepliaklqana
Wu Jian
Zin
The Shining One

Shops:
D:3 *

Annotations:
D:4 Menkaure
D:5 2 runed translucent doors


Innate Abilities, Weirdness & Mutations

You passively map a small area around you.
You are easily found by Zot.
You glow in the dark.
You regain HP and MP as you explore.
You have a pair of small horns on your head.
You are frail. (-10% HP)
You have an increased reservoir of magic. (+10% MP)
You are weak. (Str -2)


Message History

The killer bee stings you but does no damage.
The killer bee barely misses you. x2
Unknown command.
Unknown command.
Throw: javelin
Press: ? - help, Q - select action, (/) - cycle Shift-Dir - straight line, f/p - killer bee
Aim: a killer bee (almost dead, 36% to hit)
You throw a javelin. The javelin misses the killer bee.
The javelin pierces through the killer bee!
The killer bee is almost dead.
You feel sick. The killer bee misses you. The killer bee stings you.
* * * LOW HITPOINT WARNING * * *
The killer bee stings you but does no damage.
Unknown command.
Fire: a) +0 shortbow
Press: ? - help, Q - select action, (/) - cycle Shift-Dir - straight line, f/p - killer bee
Aim: a killer bee (almost dead, 44% to hit)
Okay, then.
It was a potion of flight.
You feel more buoyant.
You feel sick.
The killer bee stings you but does no damage.
The killer bee stings you.
* * * LOW HITPOINT WARNING * * *
Okay, then.
Fire: a) +0 shortbow
Press: ? - help, Q - select action, (/) - cycle Shift-Dir - straight line, f/p - killer bee
Aim: a killer bee (almost dead, 44% to hit)
You shoot an arrow. The arrow hits the killer bee!
You kill the killer bee!
You feel sick. The killer bee misses you.
Training target 5.0 for Fighting reached!
Your Fighting skill increases to level 5!
Fire: a) +0 shortbow
Press: ? - help, Q - select action, (/) - cycle Shift-Dir - straight line, f - killer bee
Aim: a killer bee (almost dead, 44% to hit)
You shoot an arrow. The arrow misses the killer bee.
The arrow barely misses the killer bee.
You feel sick. The killer bee stings you.
You die...

#.# .≈≈§, #.# .≈. ,
###.####### .≈, ~ * #
#.........##., ~ ~ , ##
#...#####.#.######## ,
.####....####.#.#......##
.'........>..............
.####.....###.#.###....#
# #...## #.#.@yy...(# #
#.#.# #.####$..### , ,
#.#.#####.# ...#
#.........# *....., ##
###.####### yy.###, .
..#.# ...# * # #.#z#
*...# #####.#.# *...# *
...##.#z# ,


You could see 2 killer bees.

Vanquished Creatures
  A black bear (D:4)
  An ogre (D:4)
  2 scorpions
  3 killer bees (D:7)
  3 jellies (Sewer)
  2 orc priests
  A sleepcap (D:5)
  Robin (D:4)
  5 adders
  3 river rats
  A dart slug (D:4)
  13 orcs
  9 endoplasms (Sewer)
  7 giant cockroaches
  6 hobgoblins
  A jackal (D:1)
  2 quokkas
  9 ball pythons
  A bat (D:1)
  7 frilled lizards
  11 goblins
  4 kobolds
  4 rats
97 creatures vanquished.

Vanquished Creatures (others)
  An orc wizard (D:4)
  2 orcs (D:4)
  An endoplasm (D:3)
4 creatures vanquished.

Grand Total: 101 creatures vanquished

Notes
Turn   | Place    | Note
-------+----------+-------------------------------------------
     0 | D:1      | redmage the Meteoran Hunter began the quest for the Orb.
     0 | D:1      | Reached XP level 1. HP: 17/17 MP: 2/2
    59 | D:1      | Reached XP level 2. HP: 24/24 MP: 3/3
   194 | D:2      | Reached skill level 5 in Ranged Weapons
   245 | D:3      | Found Leelet's Assorted Antiques.
   249 | D:3      | Found an ornate altar of the Wu Jian Council.
   293 | D:3      | Identified the +5 ring mail of the Plum {Harm rC++ rN+
                  | Stlth-}
   325 | D:3      | Reached XP level 3. HP: 20/29 MP: 4/4
   353 | D:4      | Identified a scroll of acquirement
   353 | D:4      | Acquired 882 gold pieces
   366 | D:3      | Bought a glowing scarf for 152 gold pieces
   366 | D:3      | Bought a scroll labelled SAAVEW EROTYPS for 19 gold pieces
   366 | D:3      | Bought a glowing emerald potion for 17 gold pieces
   399 | D:4      | Noticed a black bear
   404 | D:4      | Killed a black bear
   405 | D:4      | Reached skill level 6 in Ranged Weapons
   405 | D:4      | Reached skill level 1 in Spellcasting
   405 | D:4      | Reached XP level 4. HP: 34/37 MP: 4/7
   405 | D:4      | Reached XP level 5. HP: 41/44 MP: 4/8
   420 | D:4      | Noticed an ogre
   425 | D:4      | Killed an ogre
   426 | D:4      | Reached XP level 6. HP: 43/51 MP: 7/10
   469 | D:4      | Found a glowing drain.
   473 | Sewer    | Entered a sewer
   596 | Sewer    | Reached skill level 7 in Ranged Weapons
   620 | Sewer    | Reached XP level 7. HP: 58/58 MP: 11/11
   647 | Sewer    | Found a viscous altar of Jiyva.
   659 | Sewer    | Became a worshipper of Jiyva Jiutia the Shapeless
   756 | D:4      | Learned a level 2 spell: Passwall
   884 | D:4      | Noticed Robin
   930 | D:4      | Killed Robin
   967 | D:4      | Found a glowing golden altar of the Shining One.
   967 | D:4      | Found a white marble altar of Elyvilon.
   967 | D:4      | Found a glowing silver altar of Zin.
  1093 | D:4      | Reached skill level 1 in Transmutations
  1093 | D:4      | Reached skill level 1 in Earth Magic
  1099 | D:4      | Noticed Menkaure
  1115 | D:5      | Entered Level 5 of the Dungeon
  1132 | D:5      | Found a staircase to the Ecumenical Temple.
  1147 | D:5      | Found a large runed translucent door.
  1148 | D:5      | Found a large runed translucent door.
  1186 | D:5      | Gained mutation: You have a pair of small horns on your
                  | head. [potion of mutation]
  1186 | D:5      | Gained mutation: You are frail. (-10% HP) [potion of
                  | mutation]
  1186 | D:5      | Gained mutation: You are weak. (Str -2) [potion of
                  | mutation]
  1186 | D:5      | Gained mutation: You have an increased reservoir of magic.
                  | (+10% MP) [potion of mutation]
  1207 | D:6      | Reached XP level 8. HP: 48/60 MP: 13/13
  1236 | D:6      | Reached * piety under Jiyva
  1423 | D:7      | Found a hazy altar of Hepliaklqana.
  1433 | D:7      | Reached skill level 8 in Ranged Weapons
  1451 | D:7      | Reached skill level 5 in Fighting
  1451 | D:7      | Slain by a killer bee

Illustrated notes

Levels and vault maps discovered:
D:1:      dpeg_arrival_solitude, layout_loops_ring, minmay_tromino_v4_b
D:2:      layout_basic, chequers_ecumenical_altar_lobes, hex_tiny,
          uniq_crazy_yiuf_cottage
D:3:      layout_basic, amcnicky_altar_gilded, serial_shops, shop
D:4:      layout_cave_pods, good_gods_mini_temple, gup_sewer_entry_bowl,
          uniq_menkaure, uniq_robin
D:5:      layout_rooms, nicolae_dithmenos_the_darkroom, jmf_multi_god_temple2,
          minmay_temple_entry_overgrown, serial_shops,
          nicolae_shop_hallway_plus, shop
D:6:      layout_gridville, nicolae_ashenzari_panopticon
D:7:      layout_loops_corners, mainiacjoe_overflow_paths, enter_bailey_2

Skill      XL: |  1  2  3  4  5  6  7  8 |
---------------+-------------------------+-----
Ranged Weapons | 5 6 7 8 |  8.0
Spellcasting   | 1 2 |  2.5
Fighting       | 3 4 5 |  5.0
Transmutations | 1 2 |  2.6
Earth Magic    | 1 2 |  2.6
Dodging        | |  2.4
Stealth        | |  0.6

Action                     |  1- 3 |  4- 6 |  7- 9 || total
---------------------------+-------+-------+-------++-------
   Fire: Shortbow          |    56 |    97 |   126 ||   279
  Throw: Javelin           |       |       |     6 ||     6
    Use: Scroll            |     6 |       |     1 ||     7
         Potion            |       |       |     7 ||     7
 Armour: Leather armour    |     4 |       |       ||     4
         Ring mail         |     9 |    27 |    55 ||    91
         Skin              |       |       |     6 ||     6
  Dodge: Dodged            |    16 |    27 |    54 ||    97
